Map: Ultralove

Players

ShoWTimE - Winner!

  • Race: Protoss Protoss
  • League: Grandmaster
  • Spawn Location: 1:00

Mixu

  • Race: Zerg Zerg
  • League: Master
  • Spawn Location: 7:00

Event: HomeStory Cup XXVII

VOD

Have the link to the VOD?

Description

Time

  • Played on: June 27, 2025, 11:55 a.m.
  • Length: 14:36

All games in this series

Show
View Real Time Build Order
Export as new Build Order

ShoWTimE Protoss - Winner!

Build Orders: 1 Gate Expand, Oracle Opening 

Get SALT Encoding   

  12  0:00  Probe  
  13  0:12  Probe  
  14  0:19  Pylon  
  14  0:24  Probe  
  15  0:33  Probe  
  15  0:39  Gateway  
  15  0:41  Probe  
  16  0:48  Assimilator  
  17  0:51  Probe  
  18  1:03  Probe  
  19  1:16  Probe  
  20  1:25  Nexus  
  20  1:34  Cybernetics Core  
  20  1:38  Probe  
  21  1:42  Assimilator  
  21  1:50  Probe  
  21  1:52  Pylon  
  22  2:01  Adept  
  22  2:02  Probe  
  23  2:14  Probe  
  26  2:21  Adept  
  26  2:23  Stargate  
  26  2:26  Probe  
  27  2:33  Probe  
  27  2:36  Warp Gate  
  29  2:38  Probe  
  29  2:41  Probe  
  31  2:50  Probe, Adept  
  35  2:51  Probe  
  35  2:57  Pylon  
  36  2:59  Oracle  
  36  3:03  Probe x2  
  41  3:15  Probe x2  
  44  3:27  Probe x2  
  44  3:30  Oracle  
  44  3:31  Adept  
  44  3:33  Gateway  
  43  3:39  Probe  
  43  3:40  Probe  
  48  3:51  Nexus  
  48  3:55  Probe  
  48  3:56  Pylon  
  48  3:57  Probe  
  48  4:01  Oracle  
  48  4:02  Assimilator  
  49  4:08  Probe  
  49  4:09  Probe  
  54  4:17  Nexus  
  54  4:20  Probe  
  54  4:21  Pylon, Probe  
  56  4:25  Assimilator  
  56  4:28  Adept x2  
  60  4:33  Pylon, Probe  
  60  4:35  Probe  
  62  4:45  Forge  
  62  4:47  Probe, Twilight Council  
  62  4:48  Probe  
  64  4:54  Stalker  
  64  4:58  Stalker  
  68  5:00  Probe  
  68  5:01  Probe  
  70  5:11  Gateway  
  68  5:19  Stalker  
  65  5:23  Probe, Stalker  
  65  5:24  Probe  
  65  5:27  Oracle  
  63  5:37  Shield Battery  
  63  5:39  Shield Battery  
  63  5:41  Shield Battery  
  63  5:42  Shield Battery  
  66  5:47  Stalker x2  
  66  5:48  Gateway  
  69  5:52  Pylon  
  69  5:55  Photon Cannon  
  69  5:59  Blink  
  69  6:02  Pylon  
  68  6:06  Adept  
  57  6:19  Probe x2  
  57  6:22  Pylon, Probe  
  60  6:31  Probe x2, Stalker  
  64  6:42  Pylon  
  61  6:47  Gateway  
  61  6:49  Gateway  
  61  6:50  Protoss Ground Weapons Level 1  
  61  6:51  Stalker x2  
  61  6:52  Probe  
  61  7:03  Stalker  
  61  7:04  Probe x2  
  59  7:16  Probe x2  
  59  7:19  Stalker  
  59  7:20  Stalker  
  65  7:28  Probe x2  
  67  7:30  Stalker  
  69  7:38  Pylon  
  69  7:42  Stalker  
  71  7:45  Stalker x3  
  77  7:57  Stalker  
  79  8:02  Nexus  
  79  8:06  Stalker  
  81  8:15  Stalker x2  
  85  8:20  Stalker  
  86  8:27  Protoss Ground Armor Level 1  
  86  8:30  Pylon  
  86  8:39  Pylon  
  86  8:41  Pylon  
  86  8:45  Gateway  
  86  8:48  Probe x2  
  88  8:54  Stalker x3  
  94  9:02  Stalker x2  
  94  9:03  Charge  
  94  9:06  Probe x2  
  100  9:15  Probe  
  101  9:18  Probe  
  101  9:19  Probe  
  101  9:23  Shield Battery  
  102  9:27  Probe, Stalker  
  102  9:31  Dark Shrine  
  105  9:41  Stalker x3  
  111  9:45  Shield Battery  
  111  9:47  Stalker  
  113  9:52  Pylon  
  113  10:02  Stalker x2  
  113  10:05  Probe x3  
  120  10:10  Pylon  
  120  10:13  Photon Cannon  
  120  10:16  Protoss Ground Weapons Level 2  
  120  10:24  Stalker x3  
  120  10:25  Stalker  
  120  10:26  Assimilator  
  128  10:31  Assimilator  
  128  10:34  Probe x2  
  130  10:42  Pylon  
  130  10:48  Shadow Stride  
  128  10:52  Dark Templar x4  
  128  11:01  Shield Battery  
  128  11:02  Probe  
  128  11:03  Shield Battery  
  129  11:05  Shield Battery  
  129  11:07  Nexus  
  129  11:23  Zealot x2  
  129  11:25  Zealot x2  
  133  11:37  Nexus  
  133  11:42  Stalker  
  133  11:43  Stalker  
  137  11:47  Templar Archives  
  137  11:50  Robotics Facility  
  133  11:56  Zealot x4  
  136  12:07  Gateway  
  136  12:08  Photon Cannon  
  134  12:10  Photon Cannon  
  134  12:11  Gateway  
  134  12:15  Zealot x2  
  136  12:23  Gateway  
  136  12:25  Gateway  
  136  12:26  Stalker x3  
  136  12:29  Zealot  
  144  12:36  Dark Templar x2  
  126  12:39  Dark Templar x2  
  113  12:51  Immortal  
  113  12:53  Psionic Storm, Dark Templar x4  
  99  13:06  Probe x3  
  99  13:07  Probe  
  103  13:13  High Templar x2  
  103  13:18  Probe x2  
  109  13:20  High Templar x2  
  113  13:27  Pylon  
  113  13:30  Observer  
  114  13:38  Pylon, Probe x2  
  114  13:39  Probe x2  
  118  13:42  Assimilator  
  118  13:44  Zealot x3  
  118  13:45  Assimilator  
  121  13:50  Zealot x2  
  121  13:55  Dark Templar x2  
  123  13:57  Zealot  
  121  14:06  Dark Templar  
  121  14:07  Dark Templar, Zealot  
  121  14:09  Zealot  
  124  14:13  Zealot  
  124  14:15  Probe x3  
  127  14:20  Probe  
  127  14:22  Archon  
  128  14:28  Zealot x4  
Show
View Real Time Build Order
Export as new Build Order

Mixu Zerg 

Build Orders: Hatch First 

Get SALT Encoding   

  12  0:00  Drone  
  13  0:08  Drone  
  14  0:14  Extractor  
  14  0:15  Drone  
  15  0:21  Overlord  
  15  0:40  Drone  
  16  0:46  Hatchery  
  16  0:49  Drone  
  16  0:52  Drone  
  17  0:57  Drone  
  18  1:06  Extractor  
  17  1:12  Spawning Pool  
  17  1:16  Drone  
  17  1:18  Drone  
  18  1:27  Drone  
  19  1:37  Drone  
  20  1:50  Overlord  
  20  1:59  Queen x2  
  20  2:00  Drone  
  25  2:02  Zergling x2  
  26  2:10  Drone, Zergling x2  
  28  2:19  Drone  
  28  2:20  Drone  
  30  2:25  Metabolic Boost  
  30  2:36  Hatchery  
  29  2:39  Drone  
  29  2:41  Drone  
  31  2:46  Overlord  
  31  2:49  Drone  
  32  2:52  Zergling x2  
  32  2:57  Queen  
  35  3:00  Drone  
  35  3:04  Spore Crawler  
  35  3:08  Drone x2  
  38  3:13  Zergling x2  
  38  3:16  Zergling x6  
  38  3:19  Drone  
  42  3:23  Evolution Chamber  
  40  3:32  Drone x2  
  41  3:39  Drone, Extractor  
  41  3:41  Queen  
  43  3:49  Roach Warren  
  43  3:50  Drone  
  41  4:03  Drone x4  
  41  4:05  Overlord  
  41  4:06  Overlord  
  42  4:29  Roach x4  
  54  4:33  Zergling x6  
  54  4:38  Spore Crawler  
  56  4:39  Zergling x4  
  56  4:41  Zergling x8  
  58  4:47  Zergling x6  
  58  4:49  Ravager  
  58  4:50  Ravager  
  58  4:52  Zergling x2  
  64  4:54  Zergling x2  
  64  4:56  Zergling x2  
  66  5:02  Overlord  
  65  5:08  Zergling x4  
  65  5:13  Zergling x8  
  65  5:20  Zergling x8  
  66  5:24  Ravager x2  
  67  5:32  Zergling x10  
  71  5:36  Zergling x4  
  71  5:40  Roach  
  71  5:41  Zergling x2  
  72  5:52  Zergling x4  
  72  6:00  Zergling x6  
  69  6:08  Zergling x6  
  61  6:14  Roach  
  61  6:17  Zergling x2  
  53  6:20  Ravager, Roach  
  53  6:22  Queen  
  53  6:24  Roach  
  58  6:29  Zergling x2  
  58  6:31  Zergling x2  
  60  6:39  Zergling x4  
  61  6:44  Zergling x4  
  61  6:47  Zergling x2  
  61  6:51  Lair  
  61  6:53  Drone x2  
  64  6:57  Evolution Chamber  
  61  7:01  Drone  
  61  7:07  Drone x2  
  64  7:11  Drone  
  65  7:18  Ravager x3  
  65  7:21  Drone x3  
  71  7:24  Overlord  
  71  7:25  Hatchery  
  70  7:31  Overlord x2  
  70  7:36  Overlord  
  70  7:42  Zerg Melee Weapons Level 1, Overlord  
  70  7:43  Drone x4  
  73  7:49  Queen  
  75  7:51  Drone x2  
  77  8:00  Zergling x2, Roach x3  
  84  8:08  Zergling x8  
  83  8:13  Zergling x8  
  83  8:18  Zergling x4  
  78  8:29  Zergling x10  
  77  8:36  Zergling x2  
  77  8:40  Zergling x6  
  77  8:41  Ravager x3  
  82  8:42  Queen  
  82  8:44  Spore Crawler  
  82  8:45  Zergling x2  
  82  8:48  Zergling x2  
  83  8:52  Zergling x4  
  83  8:54  Queen  
  85  8:57  Zergling x6  
  88  9:03  Zergling x6  
  88  9:08  Drone  
  92  9:10  Drone  
  92  9:12  Drone x2  
  95  9:20  Zergling x2  
  95  9:25  Hydralisk Den  
  95  9:27  Drone  
  95  9:28  Overlord x5  
  95  9:36  Zerg Missile Weapons Level 1  
  95  9:46  Overlord  
  95  9:48  Zergling x24  
  107  9:57  Zergling x12  
  113  10:04  Muscular Augments  
  113  10:06  Drone x5  
  116  10:08  Drone  
  116  10:13  Hydralisk x2  
  121  10:15  Hydralisk  
  121  10:18  Hydralisk  
  125  10:26  Hydralisk x3  
  125  10:28  Drone x2  
  133  10:31  Drone x2  
  133  10:35  Drone x4  
  138  10:39  Drone x3  
  141  10:44  Hydralisk x2  
  138  10:51  Drone x6  
  138  10:56  Drone x3  
  144  11:06  Overlord x2  
  144  11:07  Extractor x2  
  144  11:08  Grooved Spines  
  142  11:12  Hatchery  
  142  11:16  Overlord  
  142  11:17  Hydralisk x2  
  140  11:19  Zergling x8  
  140  11:25  Overseer  
  141  11:27  Zergling x14  
  138  11:34  Zergling x16  
  138  11:36  Hydralisk  
  141  11:40  Zergling x4  
  141  11:42  Drone  
  140  11:48  Drone  
  138  11:54  Zergling x8  
  138  12:00  Hydralisk x2  
  143  12:04  Zergling x6  
  136  12:10  Hydralisk, Overseer  
  136  12:16  Hydralisk  
  136  12:18  Zergling x10  
  136  12:22  Zergling x6  
  139  12:30  Hydralisk x2  
  132  12:37  Hydralisk  
  132  12:40  Zergling x14  
  132  12:42  Hydralisk  
  135  12:46  Hydralisk  
  120  12:52  Hydralisk  
  120  12:57  Zergling x10  
  120  12:58  Hydralisk  
  113  12:59  Zergling x2  
  113  13:02  Zergling x6  
  113  13:04  Zergling x2  
  101  13:08  Zergling x6  
  96  13:15  Zergling x8  
  100  13:22  Zergling x8  
  100  13:26  Hydralisk, Drone  
  107  13:28  Hydralisk  
  107  13:33  Hydralisk x2  
  107  13:34  Zergling x2  
  114  13:36  Hydralisk  
  114  13:39  Zergling x4  
  118  13:43  Hydralisk x2  
  112  13:50  Hydralisk x2  
  112  13:51  Drone  
  111  13:58  Hydralisk  
  100  14:04  Zergling x14  
  100  14:09  Zergling x10  
  103  14:12  Zergling x4  
  103  14:13  Overseer  
  103  14:16  Zergling x4  
  84  14:19  Zergling x2  
Tags
 
Add a new tag
Caveats
  • Supply blocks, unpowered buildings, or Contaminate may cause inaccurate times.
  • Supply counts are checked every 10 seconds.